 Dungeon Crawl Stone Soup version 0.29-a0-233-g1125b37a9b (webtiles) character file.

Game seed: 12769552765400467061

3654 drugrobin the Fighter (level 9, -2/81 HPs)
             Began as a Demigod Fighter on Mar 1, 2022.
             Killed from afar by a gargoyle (20 damage)
             ... with a stone arrow
             ... on level 7 of the Dungeon.
             The game lasted 00:16:24 (5901 turns).

drugrobin the Fighter (Demigod Fighter)             Turns: 5901, Time: 00:16:24

Health: -2/81      AC: 19    Str: 29    XL:     9   Next: 58%
Magic:  11/11      EV:  9    Int: 10    God:
Gold:   254        SH:  5    Dex: 13    Spells: 8/8 levels left

rFire   + + +      SeeInvis .   b - +10 whip "Wetz" {pain, rElec rF+}
rCold   x . .      Faith    .   c - +0 buckler
rNeg    . . .      Spirit   .   t - +0 fire dragon scales
rPois   .          Reflect  .   (no helmet)
rElec   +          Harm     .   h - +0 cloak {Stlth+}
rCorr   .          Rampage  .   (no gloves)
Will    .....                   (no boots)
Stlth   +.........              g - amulet of regeneration
HPRegen 1.03/turn               r - +4 ring of protection
MPRegen 0.12/turn               H - +4 ring of protection

@: no status effects
A: high MP 1, forlorn, divine attributes
a: no special abilities


You were on level 7 of the Dungeon.
You visited 1 branch of the dungeon, and saw 7 of its levels.

You collected 314 gold pieces.
You spent 60 gold pieces at shops.

Inventory:

Hand Weapons
 a - a +0 war axe
 b - the +10 whip "Wetz" (weapon) {pain, rElec rF+}
   (You found it on level 3 of the Dungeon)

   In the hands of one skilled in necromantic magic, it inflicts extra damage on
   living creatures.
   rF:        It protects you from fire.
   rElec:     It insulates you from electricity.
 e - a +2 falchion of protection
 v - a +5 dagger of venom
 y - a +1 spear of venom
 J - a +2 war axe of distortion
Missiles
 f - 213 stones
 u - 2 boomerangs (quivered)
 E - 6 poisoned darts
Armour
 c - a +0 buckler (worn)
 h - a +0 cloak of stealth (worn)
 t - +0 fire dragon scales (worn)
Jewellery
 g - an amulet of regeneration (around neck)
 r - a +4 ring of protection (left hand)
 z - a ring of flight
 D - a ring of wizardry
 H - a +4 ring of protection (right hand)
Wands
 w - a wand of acid (8)
Scrolls
 j - 4 scrolls of identify
 k - 3 scrolls of immolation {unknown}
 l - 3 scrolls of teleportation {unknown}
 m - a scroll of vulnerability {unknown}
 o - a scroll of magic mapping {unknown}
 p - a scroll of brand weapon {unknown}
 q - 3 scrolls of summoning {unknown}
 s - 2 scrolls of fog {unknown}
 C - 2 scrolls of silence {unknown}
 I - a scroll of noise {unknown}
Potions
 d - a potion of might
 i - 4 potions of curing {unknown}
 n - a potion of invisibility {unknown}
 x - a potion of magic {unknown}
 B - 3 potions of heal wounds {unknown}
 F - 2 potions of flight {unknown}
 G - a potion of resistance {unknown}


   Skills:
 * Level 8.0 Fighting
 * Level 7.7 Axes
 + Level 5.9 Armour
 + Level 5.9 Shields


You had 8 spell levels left.
You didn't know any spells.
Your spell library contained the following spells:

 Spells                   Type           Power      Damage    Failure   Level
 Animate Skeleton         Necr           0%         N/A       75%         1
 Pain                     Necr           0%         1d4       75%         1
 Vampiric Draining        Necr           0%         2d6       98%         3


Dungeon Overview and Level Annotations

Branches:
Dungeon (7/15)             Temple (0/1) D:6

Shops:
D:1 ([*   D:2 =[?


Innate Abilities, Weirdness & Mutations

You have an increased reservoir of magic. (+10% MP)
You shall have no god before yourself.
Your divine heritage dramatically boosts your attributes as you level up.


Message History

The gargoyle is moderately damaged.
The gargoyle hits you with a +0 flail.
You hit the gargoyle but do no damage.
The gargoyle is moderately damaged.
The gargoyle closely misses you.
You barely miss the gargoyle.
The gargoyle is moderately damaged.
You hit the gargoyle.
The gargoyle is moderately damaged.
The gargoyle hurls a stone arrow at you.
The stone arrow hits you!
You hit the gargoyle but do no damage.
The gargoyle is moderately damaged.
A wight comes into view.
It is wielding a +4 long sword and wearing a +2 kite shield of positive energy.
You block the gargoyle's attack.
You hit the gargoyle but do no damage.
The gargoyle is moderately damaged.
The gargoyle completely misses you.
Unknown command.
You hit the gargoyle but do no damage.
The gargoyle is moderately damaged.
The wight throws a stone.
The stone hits you!
The gargoyle hurls a stone arrow at you.
The stone arrow hits you!
Unknown command.
You hit the gargoyle.
The gargoyle is moderately damaged.
The gargoyle hits you with a +0 flail!
Unknown command.
You hit the gargoyle but do no damage.
The gargoyle is moderately damaged.
The wight throws a stone.
You block the stone.
The gargoyle hurls a stone arrow at you.
The stone arrow hits you!
* * * LOW HITPOINT WARNING * * *
Unknown command.
Unknown command.
The gargoyle hurls a stone arrow at you.
The stone arrow hits you!!
You die...

.#######...............
.# ............... .#
.............. ##
#...........# #
#..........z#### #
#...............
#.....†9........ ..
#.........
#.###@.......
#.#..........
#.#..........
#.#......##.. #
#............
#.#####...........
####....##...........
#....##.....###......
#.....<......# .###..


You could see a gargoyle and a wight.

Vanquished Creatures
  Pikel (D:6)
  The ghost of drugrobin the Skirmisher, a novice DgFi (D:5)
  Grinder (D:6)
  Prince Ribbit (D:6)
  Sigmund (D:2)
  Menkaure (D:5)
  3 water moccasins
  A sky beast (D:5)
  An ice beast (D:6)
  4 ogres
  A centaur (D:5)
  A lemure (D:6)
  2 phantoms
  2 bullfrogs
  4 scorpions
  A howler monkey (D:5)
  Crazy Yiuf (D:2)
  3 hounds
  A jelly (D:6)
  4 orc priests
  3 iguanas
  Ijyb (D:3)
  Natasha (D:2)
  4 orc wizards
  7 gnolls
  9 adders
  A white imp (D:5)
  2 ufetubi (D:5)
  2 worms (D:4)
  A dart slug (D:2)
  16 orcs
  5 endoplasms
  5 giant cockroaches
  7 goblins
  4 hobgoblins
  5 kobolds
  4 quokkas
  3 ball pythons
  2 bats (D:1)
  3 frilled lizards (D:1)
  3 rats
123 creatures vanquished.

Notes
Turn   | Place    | Note
-------+----------+-------------------------------------------
     0 | D:1      | drugrobin the Demigod Fighter began the quest for the Orb.
     0 | D:1      | Reached XP level 1. HP: 18/18 MP: 3/3
   295 | D:1      | Reached XP level 2. HP: 19/25 MP: 4/4
   621 | D:1      | Found Etto's Armour Shop.
   705 | D:1      | Found Daginimn's Antique Weapon Emporium.
   766 | D:1      | Found Laogyur's Assorted Antiques.
   773 | D:1      | Bought a scroll labelled BURIBE OFRONKISE for 19 gold
                  | pieces
   773 | D:1      | Bought a scroll labelled WAUTWI VORISCH for 19 gold pieces
   807 | D:1      | Reached skill level 3 in Fighting
  1242 | D:2      | Noticed Sigmund
  1380 | D:1      | Reached XP level 3. HP: 30/31 MP: 5/5
  1431 | D:2      | Found Iruxehunagg's Armour Boutique.
  1477 | D:2      | Found Patwon's Jewellery Emporium.
  1510 | D:2      | Found a runed translucent door.
  1511 | D:2      | Noticed Crazy Yiuf
  1570 | D:2      | Noticed Natasha
  1578 | D:2      | Killed Natasha
  1579 | D:2      | Reached XP level 4. HP: 30/38 MP: 6/6
  1639 | D:2      | Found Ikex's Magic Scroll Boutique.
  1647 | D:2      | Bought a scroll of identify for 22 gold pieces
  1716 | D:2      | Killed Sigmund
  1717 | D:2      | Reached skill level 4 in Fighting
  1717 | D:2      | Reached XP level 5. HP: 35/46 MP: 7/7
  2081 | D:2      | HP: 1/46 [Crazy Yiuf/+2 quarterstaff of chaos (4)]
  2087 | D:2      | Killed Crazy Yiuf
  2333 | D:3      | Noticed Ijyb
  2343 | D:3      | Killed Ijyb
  2344 | D:3      | Reached XP level 6. HP: 21/52 MP: 8/8
  2713 | D:3      | Found the +7 staff of the Meek {protect, meekguard}
  2784 | D:3      | Identified the +10 whip "Wetz" {pain, rElec rF+}
  3682 | D:4      | Reached XP level 7. HP: 59/60 MP: 9/9
  3684 | D:4      | Reached skill level 5 in Fighting
  3712 | D:5      | Entered Level 5 of the Dungeon
  3714 | D:5      | Noticed Menkaure
  3933 | D:5      | Found a runed translucent door.
  3933 | D:5      | Noticed drugrobin's ghost (novice DgFi)
  4109 | D:5      | Killed Menkaure
  4110 | D:5      | Reached skill level 5 in Axes
  4273 | D:5      | Reached XP level 8. HP: 70/70 MP: 10/10
  4422 | D:5      | Reached skill level 6 in Fighting
  4814 | D:5      | Killed drugrobin's ghost
  4815 | D:5      | Reached skill level 5 in Armour
  4815 | D:5      | Reached skill level 5 in Shields
  5061 | D:6      | Noticed Grinder
  5076 | D:6      | Killed Grinder
  5077 | D:6      | Reached skill level 7 in Fighting
  5077 | D:6      | Reached XP level 9. HP: 73/79 MP: 11/11
  5151 | D:6      | Noticed Pikel
  5173 | D:6      | Killed Pikel
  5339 | D:6      | Found a staircase to the Ecumenical Temple.
  5370 | D:6      | Noticed Prince Ribbit
  5413 | D:6      | Killed Prince Ribbit
  5691 | D:6      | Reached skill level 8 in Fighting
  5793 | D:7      | Noticed a gargoyle
  5901 | D:7      | Killed from afar by a gargoyle

Illustrated notes

Levels and vault maps discovered:
D:1:      minmay_arrival_doors, layout_loops_corners, serial_shops,
          nicolae_shop_stone, nicolae_shop_behind_doors, nicolae_lakefront_shop
D:2:      layout_basic, serial_shops, nicolae_shop_window_shopping,
          nicolae_shop_window_shopping, shop, uniq_sigmund,
          uniq_crazy_yiuf_cottage, uniq_natasha
D:3:      layout_basic, hellmonk_ecumenical_altar_inner_sanctum,
          serial_park_tiny_pond, uniq_ijyb
D:4:      layout_loops_ring, dk_vineyard_3
D:5:      layout_cave_pools, hellmonk_ghost_happy_afterlife,
          minmay_fractal_squares_5, uniq_menkaure
D:6:      layout_basic, minmay_temple_entry_fiery, uniq_grinder,
          uniq_prince_ribbit1, uniq_pikel
D:7:      layout_basic

Skill      XL: |  1  2  3  4  5  6  7  8  9 |
---------------+----------------------------+-----
Axes           | 2 3 4 5 6 7 |  7.7
Fighting       | 3 4 5 7 8 |  8.0
Armour         | 3 4 5 |  5.9
Shields        | 3 4 5 |  5.9

Action                   |  1- 3 |  4- 6 |  7- 9 || total
-------------------------+-------+-------+-------++-------
Melee: War axe           |    65 |    72 |   137 ||   274
       Falchion          |    19 |       |       ||    19
       Spear             |     5 |    47 |       ||    52
       Dagger            |       |    50 |    16 ||    66
       Whip              |       |       |   108 ||   108
Throw: Stone             |     2 |       |       ||     2
       Boomerang         |       |     3 |    15 ||    18
       Dart              |       |       |     3 ||     3
Evoke: Wand              |       |       |     1 ||     1
  Use: Potion            |       |     2 |       ||     2
Armor: Scale mail        |    29 |       |       ||    29
       Fire dragon scale |     7 |    80 |   128 ||   215
Dodge: Dodged            |    43 |    65 |   109 ||   217
Block: Buckler           |    26 |    39 |    57 ||   122

Table legend: (Time is in decaauts)
 A = Elapsed time spent in this place.
 B = Non-inter-level travel time spent in this place.
 C = Inter-level travel time spent in this place.
 D = Time resting spent in this place.
 E = Time spent auto-exploring this place.
 F = Levels seen in this place.
 G = Mean time per level.
                   A        B        C        D        E       F      G
               +--------+--------+--------+--------+--------+-----+--------+
         Total |   5983 |   5621 |    362 |    392 |   3666 |   7 |  854.7 |
       Dungeon |   5983 |   5621 |    362 |    392 |   3666 |   7 |  854.7 |
               +--------+--------+--------+--------+--------+-----+--------+

Top non-repeatable levels by time:
     D:1: 1156 daAuts
     D:2: 1059 daAuts
     D:4: 994 daAuts
     D:6: 919 daAuts
     D:5: 914 daAuts
     D:3: 852 daAuts
     D:7: 87 daAuts
